 Dungeon Crawl Stone Soup version 0.31-a0-640-g39d97e502b (webtiles) character file.

Game seed: 18265456630924687747

9 subawu the Shooter (level 2, -1/18 HPs)
             Began as a Kobold Hunter on Aug 28, 2023.
             Frozen to death by an endoplasm (5 damage)
             ... on level 1 of the Dungeon.
             The game lasted 00:01:30 (388 turns).

subawu the Shooter (Kobold Hunter)                   Turns: 388, Time: 00:01:31

Health: -1/18      AC:  5    Str:  8    XL:     2   Next: 25%
Magic:  2/2        EV: 13    Int: 10    God:
Gold:   19         SH:  0    Dex: 18    Spells: 1/1 levels left

rFire   . . .        a - +0 shortbow
rCold   . . .        (shield currently unavailable)
rNeg    . . .        g - +0 ring mail
rPois   .            (no helmet)
rElec   .            (no cloak)
rCorr   .            (no gloves)
SInv    .            (no boots)
Will    .....        (no amulet)
Stlth   +++          (no ring)
HPRegen 0.23/turn    (no ring)
MPRegen 0.08/turn

%: no passive effects
@: no status effects
A: small, no large weapons, nightstalker 3
a: no special abilities


You were on level 1 of the Dungeon.
You visited 1 branch of the dungeon, and saw 1 of its levels.

You collected 19 gold pieces.

Inventory:

Hand Weapons
 a - a +0 shortbow (weapon)
 d - a +0 dagger of holy wrath
 e - a +0 whip
Missiles
 j - 5 stones
Armour
 c - a +0 leather armour
 g - a +0 ring mail (worn)
Talismans
 h - a blade talisman
Scrolls
 b - a scroll of butterflies
 i - a scroll of teleportation {unknown}
 k - a scroll of brand weapon {unknown}
 m - a scroll of revelation {unknown}
Potions
 f - 3 potions of haste {unknown}
 l - a potion of berserk rage {unknown}


   Skills:
 + Level 2.4 Fighting
 + Level 5.4 Ranged Weapons
 + Level 2.7 Dodging
 + Level 2.0 Stealth


You had one spell level left.
You didn't know any spells.
Your spell library contained the following spells:

 Spells                   Type           Power      Damage    Failure   Level
 Sublimation of Blood     Necr           0%         N/A       87%         2
 Wereblood                Tmut           0%         N/A       87%         2
 Summon Hydra             Summ           0%         N/A       100%        7


Dungeon Overview and Level Annotations

Branches:
Dungeon (1/15)

Altars:


Innate Abilities, Weirdness & Mutations

You are small and have problems with some larger weapons.
You are completely attuned to the shadows.


Message History

The kobold hits you with a +0 short sword.
You shoot an arrow. The arrow hits the kobold.
You kill the kobold!
A hobgoblin comes into view.
Things that are here:
a +0 short sword; 3 stones An endoplasm comes into view.
You shoot an arrow.
The arrow hits the hobgoblin but does no damage.
The hobgoblin barely misses you.
You shoot an arrow. The arrow barely misses the hobgoblin.
The hobgoblin hits you.
You shoot an arrow. The arrow hits the hobgoblin.
The hobgoblin is heavily wounded.
The hobgoblin misses you.
The hobgoblin hits you but does no damage.
The endoplasm freezes you.
You are frozen.
You shoot an arrow. The arrow hits the hobgoblin!
You kill the hobgoblin!
The endoplasm hits you but does no damage.
Your Stealth skill increases to level 2!
The endoplasm freezes you.
You are frozen.
You see here a hobgoblin corpse.
The endoplasm misses you. The endoplasm hits you.
You shoot an arrow.
The arrow completely misses the endoplasm.
The endoplasm freezes you.
You are frozen.
* * * LOW HITPOINT WARNING * * *
You shoot an arrow. The arrow hits the endoplasm.
The endoplasm is lightly wounded.
The endoplasm freezes you.
You are frozen.
* * * LOW HITPOINT WARNING * * *
The endoplasm freezes you.
You are frozen.
You die...

#^........##
+...........
#.........#.
#.........#...
#......)..#...
..!..........
...........
.....†..#
##...J@.#
#.####.# #.
..# # ..# ...


You could see an endoplasm.

Vanquished Creatures
  A ball python (D:1)
  2 goblins (D:1)
  A hobgoblin (D:1)
  3 kobolds (D:1)
  A bat (D:1)
8 creatures vanquished.

Notes
Turn   | Place    | Note
-------+----------+-------------------------------------------
     0 | D:1      | subawu the Kobold Hunter began the quest for the Orb.
     0 | D:1      | Reached XP level 1. HP: 12/12 MP: 1/1
   123 | D:1      | Found a faded altar of an unknown god.
   290 | D:1      | Reached XP level 2. HP: 13/18 MP: 2/2
   388 | D:1      | Frozen to death by an endoplasm

Illustrated notes

Levels and vault maps discovered:
D:1:      minmay_arrival_wavy_path, layout_basic,
          hellmonk_ecumenical_altar_leap_of_faith, minmay_unequal

Skill      XL: |  1  2 |
---------------+-------+-----
Stealth        | 2 |  2.0
Fighting       | |  2.4
Ranged Weapons | |  5.4
Dodging        | |  2.7

Action                     || total
---------------------------++-------
   Fire: Shortbow          ||    24
 Armour: Ring mail         ||     5
         Leather armour    ||     1
  Dodge: Dodged            ||    12

Table legend: (Time is in decaauts)
 A = Elapsed time spent in this place.
 B = Non-inter-level travel time spent in this place.
 C = Inter-level travel time spent in this place.
 D = Time resting spent in this place.
 E = Time spent auto-exploring this place.
 F = Levels seen in this place.
 G = Mean time per level.
                   A        B        C        D        E       F      G
               +--------+--------+--------+--------+--------+-----+--------+
         Total |    393 |    393 |      0 |     10 |    236 |   1 |  393.0 |
       Dungeon |    393 |    393 |      0 |     10 |    236 |   1 |  393.0 |
               +--------+--------+--------+--------+--------+-----+--------+

Top non-repeatable levels by time:
     D:1: 393 daAuts
